 Dungeon Crawl Stone Soup version 0.18-a0-1405-g73f4075 (webtiles) character file.

98 gorblad the Chopper (level 4, 0/61 HPs)
             Began as a Minotaur Berserker on Feb 24, 2016.
             Was a Believer of Trog.
             Killed from afar by an orc wizard (15 damage)
             ... with a puff of flame
             ... on level 3 of the Dungeon.
             The game lasted 00:04:09 (1890 turns).

gorblad the Chopper (Minotaur Berserker)            Turns: 1890, Time: 00:04:09

Health: 0/61       AC:  2    Str: 28    XL:     4   Next: 44%
Magic:  3/3        EV: 12    Int:  4    God:    Trog [**....]
Gold:   138        SH:  0    Dex:  9    Spells: 0 memorised, 3 levels left

rFire  . . .     SeeInvis +     a - +1 hand axe
rCold  . . .     Gourm    .     b - +0 animal skin
rNeg   . . .     Faith    .     (no shield)
rPois  .         Spirit   .     (helmet restricted)
rElec  .         Dismiss  .     (no cloak)
rCorr  .         Reflect  .     (no gloves)
SustAt .         Harm     .     (no boots)
MR     ++...                    (no amulet)
Stlth  ..........               (no ring)
                                l - ring of see invisible

@: berserking, regenerating, very quick, very resistant to hostile enchantments,
extremely unstealthy
A: retaliatory headbutt, horns 2
a: Berserk, Trog's Hand, Burn Spellbooks, Renounce Religion


You were on level 3 of the Dungeon.
You worshipped Trog.
Trog was pleased with you.
You were not hungry.

You visited 1 branch of the dungeon, and saw 3 of its levels.

You collected 138 gold pieces.

Inventory:

Hand Weapons
 a - a +1 hand axe (weapon)
Armour
 b - a +0 animal skin (worn)
Jewellery
 l - a ring of see invisible (left hand)
Scrolls
 f - 2 scrolls of identify
Potions
 e - a potion of resistance {unknown}
 h - a potion of might
 i - a potion of brilliance {unknown}
 j - a potion of degeneration {unknown}
 k - 3 potions of heal wounds {unknown}
 o - 3 potions of curing {unknown}
 q - a potion of mutation {unknown}
 r - a potion of experience {unknown}
Comestibles
 c - 2 bread rations
 g - 2 meat rations
 m - 2 beef jerkies


   Skills:
 + Level 4.6 Fighting
 + Level 4.7 Axes
 + Level 2.7 Armour
 + Level 3.2 Dodging
 + Level 0.1 Stealth


You had 3 spell levels left.
You didn't know any spells.

Dungeon Overview and Level Annotations

Branches:
Dungeon (3/15)

Altars:
Okawaru


Innate Abilities, Weirdness & Mutations

You reflexively headbutt those who attack you in melee.
You have a pair of horns on your head.


Message History

The orc is lightly wounded.
You hit the orc but do no damage. You closely miss the orc wizard.
The orc priest misses you. The orc wizard hits you with a dagger.
The orc hits you but does no damage. The orc closely misses you.
You barely miss the orc priest. Your headbutt misses the orc priest.
The orc priest is moderately wounded.
You closely miss the orc wizard. You slash the orc!
You kill the orc!
Trog accepts your kill.
You hit the orc.
The orc is almost dead.
The bat closely misses you.
The orc priest invokes the aid of Beogh against you.
Beogh smites you!
* * * LOW HITPOINT WARNING * * *
The orc hits you.
* * * LOW HITPOINT WARNING * * *
The orc wizard points at you and mumbles some strange words.
The puff of flame hits you!
You die...

#.)....######
##########).##.......#
.................###.#
.####.###............#
.#..........###..#.#.#
...##..##............#
.......##..####..##..##
...###.##..#
##.o##..<## .#.#
#.##..# #..@o......
.#.# #.....#
##ob#....### .#.#
###...# ##o#...## ...#
...# #.w ..# .### . ...
#.# ...# # ##.. .#
.#.####.... .. #
.........# ..#
.#.#####.#


You could see an orc priest, an orc wizard, a dart slug, 2 orcs and a bat.

Vanquished Creatures
  3 gnolls (D:3)
  2 worms (D:2)
  3 dart slugs
  3 giant geckos (D:2)
  An orc (D:3)
  A giant cockroach (D:1)
  7 goblins
  5 hobgoblins
  7 jackals
  A quokka (D:3)
  3 ball pythons
  6 bats
  2 giant newts (D:2)
  2 kobolds
  7 rats
53 creatures vanquished.

Notes
Turn   | Place    | Note
--------------------------------------------------------------
     0 | D:1      | gorblad the Minotaur Berserker began the quest for the Orb.
     0 | D:1      | Reached XP level 1. HP: 19/19 MP: 0/0
   257 | D:1      | Reached XP level 2. HP: 27/27 MP: 1/1
   953 | D:2      | Reached ** piety under Trog
   953 | D:2      | Reached XP level 3. HP: 6/33 MP: 2/2
  1403 | D:2      | Found an iron altar of Okawaru.
  1613 | D:3      | Reached XP level 4. HP: 41/41 MP: 3/3
  1890 | D:3      | Killed from afar by an orc wizard

Vault maps used:
D:1:      dpeg_arrival_stone_temple_mockup, minmay_crystal_water
D:2:      marbit_many_paths
D:3:      xom_butterflies, st_stairs_14, trog_three_pillars_becter

Skill      XL: |  1  2  3  4 |
---------------+-------------+-----
Axes           | 4 |  4.7
Fighting       | 4 |  4.6
Dodging        | 3 |  3.2
Armour         | |  2.7
Stealth        | |  0.1

Action                   |  1- 3 |  4- 6 || total
-------------------------+-------+-------++-------
Melee: Hand axe          |    82 |    25 ||   107
Invok: Berserk           |       |     1 ||     1
       Trog's Hand       |       |     1 ||     1
  Use: Scroll            |     8 |       ||     8
  Eat: Chunk             |     2 |     1 ||     3
